Map: Dusk Towers

Players

RusZerg

  • Race: Zerg Zerg
  • League: Grandmaster

MelloW (Nina) - Winner!

  • Race: Protoss Protoss
  • League: Grandmaster

VOD

Have the link to the VOD?

Description

Time

  • Played on: Dec. 9, 2015, 2:07 a.m.
  • Length: 7:09
Show
View Real Time Build Order
Export as new Build Order

RusZerg Zerg 

Build Orders: 3 Hatch before Pool 

Get SALT Encoding   

  12  0:01  Drone  
  13  0:12  Overlord  
  13  0:18  Drone  
  14  0:31  Drone x2  
  14  0:35  Drone  
  17  0:53  Hatchery  
  16  0:57  Drone  
  16  0:58  Drone  
  18  1:10  Drone  
  19  1:21  Hatchery  
  18  1:35  Spawning Pool  
  18  1:37  Drone  
  18  1:39  Drone  
  19  1:45  Overlord  
  19  1:58  Drone  
  20  2:09  Drone x2  
  22  2:16  Drone x2  
  24  2:24  Queen x2  
  24  2:26  Zergling x4  
  30  2:32  Overlord  
  30  2:38  Queen  
  30  2:42  Drone  
  33  2:48  Drone x3  
  36  2:53  Drone  
  36  2:56  Drone  
  36  2:57  Drone  
  39  3:01  Drone  
  39  3:04  Overlord  
  40  3:06  Drone  
  40  3:11  Drone  
  42  3:18  Drone  
  42  3:19  Drone  
  44  3:25  Overlord, Extractor  
  44  3:26  Extractor  
  42  3:29  Drone x2  
  42  3:31  Spore Crawler x2  
  42  3:33  Spore Crawler  
  41  3:34  Drone x3  
  41  3:35  Drone x2  
  41  3:36  Drone  
  41  3:39  Queen  
  49  3:44  Zergling x2  
  50  3:50  Zergling x2  
  50  3:51  Zergling x4  
  50  3:52  Zergling x2  
  50  3:54  Drone x3  
  50  3:55  Zergling x2  
  56  3:57  Drone  
  55  4:05  Drone x2  
  55  4:08  Drone x3  
  60  4:11  Overlord  
  60  4:17  Overlord  
  60  4:23  Drone x5  
  65  4:28  Drone  
  65  4:30  Lair  
  66  4:36  Extractor x2  
  64  4:39  Drone x5  
  64  4:43  Drone x4  
  73  4:46  Drone x2  
  73  4:51  Drone x3  
  78  4:56  Drone x2  
  80  5:04  Drone x2  
  82  5:11  Roach Warren  
  82  5:12  Evolution Chamber, Drone  
  81  5:16  Extractor  
  81  5:17  Drone x3, Extractor  
  82  5:26  Hatchery  
  81  5:31  Drone  
  81  5:32  Hatchery  
  81  5:33  Spire  
  81  5:35  Zergling x4  
  82  5:36  Overlord  
  82  5:39  Overlord  
  81  5:45  Zergling x2  
  81  5:54  Overlord  
  81  5:55  Overlord, Roach x2  
  81  5:56  Roach x2  
  89  5:58  Overlord x2  
  89  6:02  Roach x4  
  95  6:11  Roach  
  95  6:14  Roach x4  
  95  6:18  Roach x2  
  106  6:19  Roach x2  
  106  6:25  Roach x3  
  104  6:29  Roach  
  104  6:32  Roach x2  
  94  6:34  Roach x2  
Show
View Real Time Build Order
Export as new Build Order

MelloW Protoss - Winner!

Build Orders: Nexus First 

Get SALT Encoding   

  12  0:01  Probe (Chrono Boost)  
  13  0:11  Probe (Chrono Boost)  
  14  0:18  Pylon  
  14  0:22  Probe (Chrono Boost)  
  15  0:36  Probe (Chrono Boost)  
  16  0:47  Probe (Chrono Boost)  
  17  0:57  Nexus  
  17  1:01  Probe (Chrono Boost)  
  18  1:10  Gateway  
  18  1:14  Probe (Chrono Boost)  
  19  1:19  Assimilator  
  19  1:25  Probe (Chrono Boost)  
  20  1:27  Assimilator  
  20  1:36  Probe (Chrono Boost)  
  20  1:37  Pylon  
  21  1:46  Probe (Chrono Boost)  
  22  1:57  Probe (Chrono Boost), Gateway  
  23  2:02  Cybernetics Core  
  23  2:07  Probe (Chrono Boost)  
  24  2:10  Probe (Chrono Boost)  
  25  2:18  Probe (Chrono Boost)  
  25  2:21  Probe (Chrono Boost)  
  27  2:28  Probe (Chrono Boost)  
  28  2:31  Probe (Chrono Boost)  
  29  2:39  Probe (Chrono Boost), Adept, Warp Gate  
  29  2:43  Probe (Chrono Boost)  
  33  2:44  Adept  
  33  2:50  Probe (Chrono Boost)  
  36  2:54  Probe (Chrono Boost)  
  37  3:00  Probe (Chrono Boost)  
  37  3:05  Nexus  
  38  3:07  Probe (Chrono Boost)  
  39  3:13  Probe (Chrono Boost)  
  39  3:18  Mothership Core (Chrono Boost)  
  42  3:21  Twilight Council  
  42  3:24  Probe (Chrono Boost)  
  43  3:27  Pylon  
  43  3:33  Pylon  
  43  3:34  Probe (Chrono Boost)  
  43  3:36  Probe (Chrono Boost)  
  45  3:45  Probe (Chrono Boost)  
  45  3:47  Probe (Chrono Boost)  
  47  3:54  Charge (Chrono Boost)  
  47  3:55  Probe (Chrono Boost)  
  48  4:01  Probe  
  46  4:07  Robotics Facility  
  46  4:09  Gateway  
  47  4:10  Probe, Gateway  
  47  4:12  Probe  
  47  4:13  Gateway  
  49  4:17  Gateway  
  49  4:18  Probe  
  49  4:22  Probe  
  51  4:25  Gateway  
  51  4:29  Gateway  
  51  4:35  Gateway  
  51  4:38  Gateway, Probe  
  51  4:39  Probe x2  
  54  4:49  Probe  
  54  4:51  Probe, Pylon  
  54  4:52  Probe  
  57  4:54  Warp Prism (Chrono Boost)  
  57  4:59  Probe  
  59  5:05  Pylon  
  60  5:09  Zealot  
  60  5:10  Zealot x2  
  66  5:19  Zealot  
  66  5:20  Pylon  
  68  5:26  Observer (Chrono Boost), Zealot x3  
  75  5:29  Pylon  
  75  5:33  Zealot x3  
  81  5:37  Pylon  
  81  5:39  Pylon  
  81  5:44  Pylon  
  81  5:48  Zealot  
  81  5:49  Zealot x5  
  93  5:54  Zealot x3  
  99  6:12  Zealot x5  
  99  6:13  Zealot  
  99  6:15  Zealot x3  
  111  6:32  Zealot x4  
  115  6:33  Zealot x2  
  115  6:35  Zealot x2  
  115  6:36  Zealot  
  125  6:56  Pylon  
  125  6:57  Pylon  
  125  6:58  Zealot x4  
  125  6:59  Pylon  
Tags
 
Add a new tag
Caveats
  • Supply blocks, unpowered buildings, or Contaminate may cause inaccurate times.
  • Supply counts are checked every 10 seconds.